 Dungeon Crawl Stone Soup version 0.24.0-1-gfbc8707122 (webtiles) character file.

Game seed: 13919025440052633224, levelgen mode: deterministic

66 Mrkan the Slasher (level 3, -8/33 HPs)
             Began as a Draconian Monk on Oct 27, 2019.
             Was a Believer of Okawaru.
             Mangled by an ice beast (12 damage)
             ... on level 3 of the Dungeon.
             The game lasted 00:02:14 (1259 turns).

Mrkan the Slasher (Draconian Monk)                  Turns: 1259, Time: 00:02:15

Health: -8/33      AC:  5    Str: 13    XL:     3   Next: 96%
Magic:  3/3        EV: 13    Int: 11    God:    Okawaru [**....]
Gold:   92         SH:  0    Dex: 13    Spells: 2/2 levels left

rFire    . . .     SeeInvis .   a - +0 falchion
rCold    . . .     Gourm    .   (no shield)
rNeg     . . .     Faith    .   (armour unavailable)
rPois    .         Spirit   .   (helmet restricted)
rElec    .         Reflect  .   (no cloak)
rCorr    .         Harm     .   (no gloves)
MR       .....                  (no boots)
Stlth    ++........             (no amulet)
HPRegen  0.11/turn              (no ring)
MPRegen  0.08/turn              (no ring)

@: very slightly contaminated, invisible
A: unfitting armour, cold-blooded, AC +5
a: Heroism, Renounce Religion


You were on level 3 of the Dungeon.
You worshipped Okawaru.
Okawaru was pleased with you.
You were not hungry.

You visited 1 branch of the dungeon, and saw 3 of its levels.

You collected 92 gold pieces.

Inventory:

Hand Weapons
 a - a +0 falchion (weapon)
Jewellery
 n - an uncursed amulet of the acrobat {unknown}
Scrolls
 d - a scroll of immolation {unknown}
 e - a scroll of amnesia {unknown}
 h - a scroll of blinking {unknown}
 o - a scroll of teleportation {unknown}
Potions
 g - a potion of curing {unknown}
 i - a potion of brilliance {unknown}
 j - a potion of resistance {unknown}
 k - a potion of haste {unknown}
 l - a potion of ambrosia
 m - a potion of heal wounds {unknown}
Comestibles
 b - 4 rations


   Skills:
 + Level 3.9 Fighting
 * Level 4.1 Long Blades
 + Level 3.2 Dodging
 - Level 1.7 Stealth


You had 2 spell levels left.
You didn't know any spells.
Your spell library was empty.

Dungeon Overview and Level Annotations

Branches:
Dungeon (3/15)

Altars:
Dithmenos
Okawaru
Qazlal


Innate Abilities, Weirdness & Mutations

Your plain brown scales are hard. (AC +5)
You cannot fit into any form of body armour.
You are cold-blooded and may be slowed by cold attacks.


Message History

You closely miss the ice beast. The ice beast hits you.
The ice beast freezes you.
* * * LOW HITPOINT WARNING * * *
The ice beast closely misses you.
You hit the ice beast.
The ice beast is lightly wounded.
You feel yourself speed up. The ice beast closely misses you.
The ice beast hits you but does no damage.
You closely miss the ice beast. The ice beast barely misses you.
You riposte.
You catch the helpless ice beast completely off-guard!
You hit the ice beast.
You tail-slap the ice beast, but do no damage.
The ice beast is lightly wounded.
You hit the ice beast but do no damage.
The ice beast is lightly wounded.
The ice beast hits you.
* * * LOW HITPOINT WARNING * * *
The ice beast freezes you!
You die...

##### #######..
......####.......#
........)..#
......####@# .##..
###Y### ## #≈...☼####
..#.....#..######## #.
#...._....g##.....#...
###.....#.............
#○...☼#......<......
###.###.^...........
#.# ##............


You could see an ice beast.

Vanquished Creatures
  3 adders
  An ooze (D:1)
  4 goblins
  5 hobgoblins
  6 jackals
  2 kobolds
  4 bats (D:1)
  A frilled lizard (D:2)
  6 rats
32 creatures vanquished.

Notes
Turn   | Place    | Note
-------+----------+-------------------------------------------
     0 | D:1      | Mrkan the Draconian Monk began the quest for the Orb.
     0 | D:1      | Reached XP level 1. HP: 19/19 MP: 1/1
    83 | D:1      | Reached XP level 2. HP: 17/26 MP: 2/2
   405 | D:2      | Found an iron altar of Okawaru.
   423 | D:2      | Reached XP level 3. HP: 25/33 MP: 3/3
   479 | D:2      | Became a worshipper of Warmaster Okawaru
   479 | D:2      | Reached * piety under Okawaru
   479 | D:2      | Reached ** piety under Okawaru
   574 | D:2      | Found a shadowy altar of Dithmenos.
  1005 | D:3      | Noticed an ice beast
  1213 | D:3      | Found a stormy altar of Qazlal.
  1238 | D:3      | Reached skill level 4 in Long Blades
  1259 | D:3      | Mangled by an ice beast

Levels and vault maps discovered:
D:1:      dpeg_arrival_line_fractal, layout_rooms
D:2:      layout_loops_ring, okawaru_gym_becter,
          grunt_dithmenos_smoke_and_mirrors
D:3:      layout_rooms, grunt_qazlal_clouds

Skill      XL: |  1  2  3 |
---------------+----------+-----
Dodging        | 3 |  3.2
Long Blades    | 4 |  4.1
Fighting       | |  3.9
Stealth        | |  1.7

Action                   || total
-------------------------++-------
Melee: Falchion          ||   113
       Tailslap          ||    14
  Use: Potion            ||     2
 Stab: Sleeping          ||     2
       Invisible         ||     1
  Eat: Ration            ||     1
Armor: Skin              ||    42
Dodge: Dodged            ||   103
       Rpst.: Falchion   ||    31
